 Dungeon Crawl Stone Soup version 0.28.0-43-g3370ac3207 (webtiles) character file.

Game seed: 12444627564323382959

1807 graymark the Skirmisher (level 8, -7/64 HPs)
             Began as a Demonspawn Gladiator on Mar 1, 2022.
             Was a Follower of Cheibriados.
             Mangled by a gnoll
             ... wielding a +0 halberd
              (9 damage)
             ... on level 6 of the Dungeon.
             The game lasted 00:12:44 (7799 turns).

graymark the Skirmisher (Demonspawn Gladiator)      Turns: 7799, Time: 00:12:44

Health: -7/64      AC:  8    Str: 27    XL:     8   Next: 84%
Magic:  8/8        EV: 14    Int: 12    God:    Cheibriados [*.....]
Gold:   326        SH:  0    Dex: 17    Spells: 7/7 levels left

rFire   . . .      SeeInvis .   a - +2 war axe
rCold   . . .      Faith    .   (no shield)
rNeg    . . .      Spirit   .   e - +0 scale mail
rPois   .          Reflect  .   c - +0 helmet
rElec   .          Harm     .   (no cloak)
rCorr   .          Rampage  .   (no gloves)
Will    .....                   (no boots)
Stlth   +.........              (no amulet)
HPRegen 0.20/turn               h - +6 ring of strength
MPRegen 0.11/turn               (no ring)

@: very slow
A: claws 1, spiny 1, sturdy frame 2
a: Renounce Religion, Bend Time


You were on level 6 of the Dungeon.
You worshipped Cheibriados.
Cheibriados was aware of your devotion.
You visited 1 branch of the dungeon, and saw 6 of its levels.

You collected 326 gold pieces.

Inventory:

Hand Weapons
 a - a +2 war axe (weapon)
 l - a +0 hunting sling
 r - a +2 short sword of flaming
Missiles
 d - 3 throwing nets (quivered)
 m - 194 stones
 t - 14 sling bullets
 x - 3 boomerangs
Armour
 b - a +0 leather armour
 c - a +0 helmet (worn)
 e - a +0 scale mail (worn)
 o - a +0 chain mail
Jewellery
 h - a +6 ring of strength (left claw)
Wands
 p - a wand of digging (4)
Scrolls
 g - a scroll of fog {unknown}
 i - a scroll of noise
 j - a scroll of amnesia {unknown}
 k - a scroll of enchant armour {unknown}
 s - 2 scrolls of vulnerability
 u - a scroll of teleportation {unknown}
 v - a scroll of torment {unknown}
 w - 4 scrolls of identify {unknown}
 y - a scroll of summoning {unknown}
 B - a scroll of magic mapping {unknown}
 D - a scroll of fear {unknown}
Potions
 f - a potion of ambrosia {unknown}
 n - 2 potions of resistance {unknown}
 q - 4 potions of degeneration {unknown}
 z - 2 potions of attraction {unknown}
 A - 2 potions of mutation {unknown}
 C - a potion of berserk rage {unknown}


   Skills:
 + Level 6.0 Fighting
 + Level 5.8 Axes
 - Level 1.7 Throwing
 + Level 5.0 Armour
 + Level 5.9 Dodging


You had 7 spell levels left.
You didn't know any spells.
Your spell library contained the following spells:

 Spells                   Type           Power      Damage    Failure   Level
 Animate Skeleton         Necr           0%         N/A       38%         1
 Apportation              Tloc           0%         N/A       38%         1
 Summon Small Mammal      Summ           0%         N/A       38%         1
 Inner Flame              Hex/Fire       0%         N/A       77%         3
 Cause Fear               Hex            0%         N/A       99%         4
 Summon Forest            Summ/Tloc      0%         N/A       100%        5
 Summon Mana Viper        Hex/Summ       0%         N/A       100%        5
 Summon Cactus Giant      Summ           0%         N/A       100%        6
 Discord                  Hex            0%         N/A       100%        8


Dungeon Overview and Level Annotations

Branches:
Dungeon (6/15)
 Temple: D:4-7

Altars:
Ashenzari
Cheibriados
Makhleb
Sif Muna

Annotations:
D:2 1 runed translucent door, Crazy Yiuf
D:6 2 transporters, NiggerDarts's ghost, novice HuFi


Innate Abilities, Weirdness & Mutations

You have sharp fingernails.
You are partially covered in sharp spines.
Your movements are less encumbered by armour. (ER -4)


Message History

The centaur is severely wounded.
The centaur barely misses you.
The centaur kicks you but does no damage.
The centaur closely misses you. The centaur kicks you.
You hit the centaur but do no damage.
The centaur is severely wounded.
The centaur misses you. x3; The centaur kicks you.
You slash the centaur!
The centaur is almost dead.
The centaur misses you. x2; The gnoll closely misses you.
The gnoll shaman calls upon its god to speed up the gnoll.
The gnoll seems to speed up.
The centaur hits you with a +0 long sword!
The centaur kicks you but does no damage.
You slash the centaur!
You kill the centaur!
Cheibriados appreciates the change of pace.
You closely miss the gnoll.
The gnoll hits you from afar with a +0 halberd.
The gnoll is struck by your spines. The gnoll closely misses you.
The gnoll hits you from afar with a +0 halberd!
* * * LOW HITPOINT WARNING * * *
The gnoll shaman calls upon its god to speed up the gnoll.
The gnoll seems to speed up.
The gnoll closely misses you. The gnoll hits you with a +0 flail.
* * * LOW HITPOINT WARNING * * *
Your Fighting skill increases to level 6!
You slash the gnoll!
The gnoll is heavily wounded.
You slash the gnoll!
You kill the gnoll!
Cheibriados appreciates the change of pace.
The gnoll hits you from afar with a +0 halberd!
* * * LOW HITPOINT WARNING * * *
The gnoll hits you but does no damage.
You slash the gnoll!
You kill the gnoll!
Cheibriados appreciates the change of pace.
The gnoll hits you from afar with a +0 halberd!
You die...

....... #. ... .......
#. ... .......###+####.
#####g##......>.........
#......#................
#......#...!............
#...... gg...........>..
#..##'##)g..............
#...)@# ###########
#.....# ....... ##...<.#
....... #####......#
.......
##..........########
.......
##..###©####........#
..##... #..##5###
.#####....######...
#.##.5...
#..5©#.........#...
#####.#....#.
.#...##........#...


You could see a gnoll shaman and 2 gnolls.

Vanquished Creatures
  Grinder (D:3)
  Prince Ribbit (D:5)
  A steam dragon (D:6)
  Eustachio (D:5)
  3 centaurs
  Blork the orc (D:5)
  4 hounds
  2 orc priests
  A bullfrog skeleton (D:5)
  A gnoll shaman (D:6)
  An iron imp (D:4)
  Jessica (D:3)
  Ijyb (D:3)
  Natasha (thrice) (D:2 D:1)
  An iguana (D:6)
  4 orc wizards
  2 hound zombies (D:5)
  A hound skeleton (D:4)
  Robin (D:1)
  A howler monkey skeleton (D:4)
  12 gnolls
  9 adders
  A worm (D:2)
  4 dart slugs
  16 orcs
  10 endoplasms
  4 giant cockroaches
  13 goblins
  10 hobgoblins
  2 jackals (D:1)
  2 kobolds (D:1)
  2 quokkas
  9 ball pythons
  5 bats
  2 frilled lizards
  5 rats
138 creatures vanquished.

Vanquished Creatures (others)
  A shadow imp (D:6)
  18 plants (D:3)
19 creatures vanquished.

Grand Total: 157 creatures vanquished

Notes
Turn   | Place    | Note
-------+----------+-------------------------------------------
     0 | D:1      | graymark the Demonspawn Gladiator began the quest for the
                  | Orb.
     0 | D:1      | Reached XP level 1. HP: 16/16 MP: 1/1
   511 | D:1      | Gained mutation: Your movements are slightly less
                  | encumbered by armour. (ER -2) [demonic ancestry]
   511 | D:1      | Reached XP level 2. HP: 22/22 MP: 2/2
  1018 | D:2      | Reached skill level 1 in Armour
  1018 | D:2      | Reached XP level 3. HP: 28/28 MP: 3/3
  1398 | D:2      | Reached XP level 4. HP: 32/34 MP: 4/4
  1544 | D:2      | Noticed Robin
  1552 | D:2      | Noticed Natasha
  1905 | D:2      | Found a runed translucent door.
  1906 | D:2      | Noticed Crazy Yiuf
  2006 | D:2      | Found a faded altar of an unknown god.
  2124 | D:2      | Killed Natasha
  2125 | D:2      | Reached skill level 3 in Fighting
  2357 | D:2      | Noticed Natasha
  2402 | D:1      | Killed Natasha
  2403 | D:1      | Reached XP level 5. HP: 38/41 MP: 5/5
  2583 | D:1      | Noticed Natasha
  2593 | D:1      | Killed Natasha
  2732 | D:1      | Killed Robin
  3084 | D:3      | Found a shimmering blue altar of Sif Muna.
  3104 | D:3      | Found a broken altar of Ashenzari.
  3146 | D:3      | Noticed Jessica
  3157 | D:3      | Killed Jessica
  3236 | D:3      | Noticed Grinder
  3284 | D:3      | Paralysed by Grinder for 2 turns
  3294 | D:3      | Killed Grinder
  3295 | D:3      | Gained mutation: You are partially covered in sharp spines.
                  | [demonic ancestry]
  3295 | D:3      | Reached XP level 6. HP: 32/48 MP: 6/6
  3461 | D:3      | Noticed Ijyb
  3473 | D:3      | Killed Ijyb
  3474 | D:3      | Reached skill level 4 in Fighting
  4443 | D:4      | Gained mutation: You have sharp fingernails. [demonic
                  | ancestry]
  4443 | D:4      | Reached XP level 7. HP: 54/54 MP: 7/7
  4701 | D:4      | Found a snail-covered altar of Cheibriados.
  4778 | D:4      | Became a worshipper of Cheibriados the Contemplative
  4950 | D:4      | Found a burning altar of Makhleb.
  5301 | D:5      | Entered Level 5 of the Dungeon
  5579 | D:5      | Noticed Prince Ribbit
  5592 | D:5      | Killed Prince Ribbit
  5593 | D:5      | Reached skill level 5 in Fighting
  5593 | D:5      | Reached skill level 5 in Dodging
  5593 | D:5      | Gained mutation: Your movements are less encumbered by
                  | armour. (ER -4) [demonic ancestry]
  5593 | D:5      | Reached XP level 8. HP: 36/62 MP: 8/8
  5792 | D:5      | Reached skill level 5 in Axes
  5843 | D:5      | Noticed Blork the orc
  5855 | D:5      | Killed Blork the orc
  6288 | D:5      | Noticed Eustachio
  6307 | D:5      | Killed Eustachio
  7041 | D:6      | Reached * piety under Cheibriados
  7414 | D:6      | Found a transporter.
  7426 | D:6      | Found a transporter.
  7428 | D:6      | Noticed NiggerDarts's ghost (novice HuFi)
  7472 | D:6      | Reached skill level 5 in Armour
  7798 | D:6      | Reached skill level 6 in Fighting
  7798 | D:6      | HP: 2/64 [gnoll/+0 halberd (10)]
  7799 | D:6      | Mangled by a gnoll

Illustrated notes

Levels and vault maps discovered:
D:1:      dpeg_arrival_pits, layout_basic
D:2:      layout_basic, shapermc_ecumenical_altar_hornbeckon, uniq_natasha,
          uniq_crazy_yiuf_cottage, uniq_robin
D:3:      layout_loops_ring, amcnicky_altar_gilded,
          mainiacjoe_overflow_cross_hatched, grunt_ministairs_15, minivault_24,
          uniq_ijyb, uniq_grinder, uniq_jessica
D:4:      layout_basic, makhleb_heckhound_becter, slow_altar_2
D:5:      layout_cave_pods, uniq_prince_ribbit1, uniq_blork_the_orc,
          uniq_eustachio
D:6:      layout_gridville, minmay_temple_entry_enclosed_plants,
          gammafunk_ghost_stat_death

Skill      XL: |  1  2  3  4  5  6  7  8 |
---------------+-------------------------+-----
Dodging        | 3 4 5 |  5.9
Axes           | 3 4 5 |  5.8
Armour         | 1 2 3 4 5 |  5.0
Fighting       | 3 4 5 6 |  6.0
Throwing       | |  1.7

Action                   |  1- 3 |  4- 6 |  7- 9 || total
-------------------------+-------+-------+-------++-------
Melee: War axe           |    74 |   164 |   139 ||   377
       Punch             |       |     5 |     3 ||     8
  Use: Scroll            |       |       |     4 ||     4
 Stab: Distracted        |       |       |     1 ||     1
Armor: Leather armour    |     3 |       |       ||     3
       Scale mail        |    27 |    66 |    62 ||   155
Dodge: Dodged            |    57 |   110 |   163 ||   330
